 Dungeon Crawl Stone Soup version 0.20.1-1-g8b1a95d (webtiles) character file.

5496 Ymberti the Basher (level 10, -6/86 HPs)
             Began as a Hill Orc Fighter on Oct 3, 2017.
             Was an Elder of Beogh.
             Mangled by an orc warlord
             ... wielding a +0 war axe
              (12 damage)
             ... in a bailey.
             The game lasted 00:26:25 (7590 turns).

Ymberti the Basher (Hill Orc Fighter)               Turns: 7590, Time: 00:26:26

Health: -6/86      AC: 17    Str: 23    XL:     10   Next: 69%
Magic:  0/11       EV: 18    Int:  8    God:    Beogh [****..]
Gold:   373        SH: 12    Dex: 18    Spells: 9/9 levels left

rFire    + . .     SeeInvis .   r - +7 morningstar of Disembowelment {holy, rC++}
rCold    + + .     Gourm    .   c - +0 shield
rNeg     . . .     Faith    .   G - +0 plate armour
rPois    .         Spirit   +   (no helmet)
rElec    .         Reflect  .   x - +2 cloak
rCorr    .         Harm     .   (no gloves)
MR       +....                  i - +0 pair of boots
Stlth    ..........             l - amulet of guardian spirit
Regen    0.3/turn               e - +4 ring of evasion
MPRegen  0.2/turn               z - ring of protection from magic

@: mighty, agile
A: deterioration 1, fire resistance 1, weak 1, MP-powered wands
a: Smiting, Recall Orcish Followers, Renounce Religion


You were in a bailey.
You worshipped Beogh.
Beogh was greatly pleased with you.
You were not hungry.

You visited 1 branch of the dungeon, and saw 9 of its levels.
You also visited: Bailey.

You collected 598 gold pieces.
You spent 225 gold pieces at shops.

Inventory:

Hand Weapons
 r - the +7 morningstar of Disembowelment (weapon) {holy, rC++}
   (You bought it in a shop on level 4 of the Dungeon)

   It has been blessed by the Shining One to cause great damage to the undead
   and demons.
   It greatly protects you from cold.
 C - a +1 glaive
Armour
 c - a +0 shield (worn)
 i - a +0 pair of boots (worn)
 x - a +2 cloak (worn)
 G - a +0 plate armour (worn)
Jewellery
 e - a +4 ring of evasion (left hand)
 l - an amulet of guardian spirit (around neck)
 z - a ring of protection from magic (right hand)
Scrolls
 a - 2 scrolls of recharging {unknown}
 h - 6 scrolls of teleportation
 n - 7 scrolls of remove curse
 o - a scroll of fear {unknown}
 p - a scroll of blinking {unknown}
 q - a scroll of enchant weapon
 u - a scroll of magic mapping {unknown}
 y - a scroll of vulnerability {unknown}
 D - a scroll of enchant armour {unknown}
Potions
 b - a potion of magic
 g - 4 potions of curing
 j - 2 potions of brilliance
 m - 2 potions of lignification {unknown}
 s - 2 potions of heal wounds {unknown}
 t - a potion of invisibility {unknown}
 v - a potion of agility
 A - 2 potions of cancellation
 B - a potion of might
 F - 2 potions of resistance {unknown}
Comestibles
 d - 2 bread rations
 k - 4 royal jellies
 w - 2 meat rations
 E - 2 fruits


   Skills:
 + Level 7.2 Fighting
   Level 5.6 Long Blades
 + Level 8.7 Maces & Flails
 + Level 6.6 Armour
 * Level 6.0 Dodging
 + Level 1.0 Stealth
 + Level 8.0 Shields
 + Level 1.3 Invocations
   Level 0.2 Evocations


You had 9 spell levels left.
You didn't know any spells.

Dungeon Overview and Level Annotations

Branches:
Dungeon (9/15)             Temple (0/1) D:7            Lair (0/6) D:8
    Orc: D:9-12

Altars:
Elyvilon

Shops:
D:4 (


Innate Abilities, Weirdness & Mutations

Your body sometimes deteriorates upon taking damage.
Your flesh is heat resistant. (rF+)
You are weak. (Str -2)
You expend magic power (3 MP) to strengthen your wands.


Message History

The orc warlord hits you with a war axe!!
You impale the orc warlord!!
The orc warlord is severely wounded.
The orc warlord hits you with a war axe!
You completely miss the orc warlord.
The orc warlord is severely wounded.
The orc warlord hits you with a war axe!!
* * * LOW HITPOINT WARNING * * *
You sock the orc warlord!
The orc warlord is severely wounded.
The orc warlord splashes around in the water.
Your plate armour prevents you from hitting the orc warlord.
The orc warlord is severely wounded.
The orc warlord hits you with a war axe!!
* * * LOW HITPOINT WARNING * * *
You hit the orc warlord but do no damage.
The orc warlord is severely wounded.
The orc warlord hits you with a war axe!
You die...
Beogh appreciates the orc warlord's killing of a heretic priest.

♣...≈≈≈.##.........##.≈≈≈...♣
∩..K≈≈≈(#≈....∩....≈#.≈≈≈...∩
♣...≈≈≈.#≈.........≈#.≈≈≈...♣
♣..K≈≈≈(# ≈.8...8.≈ #.≈≈≈.K.♣
♣♣.K###(###.......###'###
♣.##..).#≈.8...8.≈#....##
♣##..())#≈≈≈≈≈≈≈≈≈#.....##
##......####≈)o####......##
#...8......#'@'#......8...#
#.................).......#
#(................).......#
##(.8†)8...........8..8..##
##..(....#######.......##
##.....## ##.....## ##...##
##...## ##### #####


You could see an orc warlord.

Vanquished Creatures
  The ghost of Thaneod the Arsonist, a novice DEFE of Vehumet (D:8)
  3 hippogriffs
  Menkaure (D:5)
  Edmund (D:4)
  2 hell hounds (D:8)
  4 orc warriors
  2 ice beasts
  A black bear (D:7)
  The ghost of Ymberti the Skirmisher, an amateur HOFi (D:3)
  4 sky beasts
  4 ogres
  A wolf (D:8)
  A big kobold (D:4)
  4 bullfrogs
  A gnoll sergeant (D:9)
  A water moccasin skeleton (D:8)
  A scorpion (D:4)
  2 killer bees (D:9)
  4 wights (D:9)
  A crimson imp (D:5)
  3 orc priests
  6 hounds
  A jelly (D:5)
  Ijyb (D:4)
  A bullfrog skeleton (D:5)
  2 centaur skeletons
  An iguana (D:6)
  An orc wizard (D:8)
  Natasha (twice) (D:3)
  4 worker ants
  2 worker ant zombies
  6 gnolls
  A howler monkey skeleton (D:7)
  14 adders
  2 shadow imps (D:7)
  4 worms
  2 dart slugs (D:2)
  7 leopard geckos
  19 orcs
  A bat (D:3)
  4 giant cockroaches
  13 goblins
  6 hobgoblins
  10 jackals
  2 quokkas (D:3)
  A ball python skeleton (D:6)
  6 frilled lizards
  22 kobolds
  2 quokka skeletons (D:4)
  4 rats
190 creatures vanquished.

Vanquished Creatures (collateral kills)
  Psyche (D:9)
  A hippogriff (D:9)
  Grum (D:8)
  A water moccasin (D:7)
  An orc warrior (D:8)
  A black bear (D:9)
  A wolf (D:8)
  2 killer bees (D:9)
  A wight (D:9)
  A hound (D:7)
  An orc priest (D:7)
  4 orc wizards
  An iguana (D:9)
  2 adders
  2 gnolls (D:9)
  2 orcs
  2 jackals (D:9)
  A quokka (D:9)
  A kobold (Bailey)
27 creatures vanquished.

Vanquished Creatures (others)
  2 orc wizards
  A worm (D:2)
  11 orcs
  A bat (D:2)
  A kobold (D:2)
  A quokka (D:2)
  A frilled lizard (D:2)
  A goblin (D:2)
  A rat (D:2)
20 creatures vanquished.

Grand Total: 237 creatures vanquished

Notes
Turn   | Place    | Note
-------+----------+-------------------------------------------
     0 | D:1      | Ymberti the Hill Orc Fighter began the quest for the Orb.
     0 | D:1      | Reached XP level 1. HP: 19/19 MP: 1/1
    76 | D:1      | Reached XP level 2. HP: 25/27 MP: 2/2
   536 | D:2      | Became a worshipper of Beogh the Brigand
   601 | D:2      | Reached XP level 3. HP: 20/33 MP: 3/3
   921 | D:2      | Found a white marble altar of Elyvilon.
  1156 | D:2      | You fall through a shaft for 2 floors!
  1185 | D:3      | Reached XP level 4. HP: 38/40 MP: 4/4
  1370 | D:2      | Reached skill level 1 in Dodging
  1560 | D:3      | Reached * piety under Beogh
  1572 | D:3      | Noticed Natasha
  1580 | D:3      | Killed Natasha
  1728 | D:3      | Noticed Natasha
  1735 | D:3      | Killed Natasha
  1735 | D:3      | Reached XP level 5. HP: 44/46 MP: 5/5
  1930 | D:3      | Noticed Ymberti's ghost (amateur HOFi)
  1954 | D:3      | Killed Ymberti's ghost
  1954 | D:3      | Reached XP level 6. HP: 39/53 MP: 6/6
  2431 | D:4      | Noticed Ijyb
  2443 | D:4      | Killed Ijyb
  2443 | D:4      | Reached XP level 7. HP: 53/60 MP: 7/7
  2473 | D:4      | Reached ** piety under Beogh
  2499 | D:4      | Noticed Edmund
  2515 | D:4      | Killed Edmund
  2515 | D:4      | Reached skill level 5 in Fighting
  2515 | D:4      | Reached skill level 5 in Long Blades
  2547 | D:4      | Reached skill level 5 in Shields
  2568 | D:4      | Found Satur's Antique Weapon Shoppe.
  3353 | D:5      | Entered Level 5 of the Dungeon
  3430 | D:5      | Noticed a hippogriff
  3451 | D:5      | Killed a hippogriff
  3451 | D:5      | Reached skill level 1 in Maces & Flails
  3451 | D:5      | Reached skill level 5 in Armour
  3451 | D:5      | Reached XP level 8. HP: 42/68 MP: 8/8
  3467 | D:5      | Noticed Menkaure
  3776 | D:5      | Killed Menkaure
  4705 | D:6      | Reached *** piety under Beogh
  4879 | D:6      | Reached XP level 9. HP: 74/75 MP: 9/9
  4955 | D:6      | Reached skill level 5 in Maces & Flails
  5173 | D:7      | Found a staircase to the Ecumenical Temple.
  5447 | D:7      | Gained mutation: You are weak. (Str -2) [potion of mutation]
  5447 | D:7      | Gained mutation: Your body sometimes deteriorates upon taking damage. [potion of mutation]
  5447 | D:7      | Gained mutation: You have a pair of small antennae on your head. [potion of mutation]
  5448 | D:7      | Lost mutation: You have a pair of small antennae on your head. [potion of mutation]
  5448 | D:7      | Gained mutation: You expend magic power (3 MP) to strengthen your wands. [potion of mutation]
  5448 | D:7      | Gained mutation: Your flesh is heat resistant. (rF+) [potion of mutation]
  5722 | D:8      | Found a staircase to the Lair.
  5891 | D:4      | Bought a brightly glowing morningstar for 225 gold pieces
  5891 | D:4      | Identified the +7 morningstar of Disembowelment {holy, rC++} (You bought it in a shop on level 4 of the Dungeon)
  6037 | D:8      | Noticed Thaneod's ghost (novice DEFE)
  6048 | D:8      | Killed Thaneod's ghost
  6048 | D:8      | Reached skill level 1 in Invocations
  6050 | D:8      | Reached skill level 5 in Dodging
  6283 | D:8      | Noticed Grum
  6292 | D:8      | Reached XP level 10. HP: 39/84 MP: 4/10
  6297 | D:8      | Killed Grum
  6764 | D:9      | Reached skill level 1 in Stealth
  6953 | D:9      | Found a flagged portal.
  7135 | D:9      | Noticed Psyche
  7142 | D:9      | Gained Boruk as an ally
  7145 | D:9      | Killed Psyche
  7145 | D:9      | Reached **** piety under Beogh
  7222 | Bailey   | Entered a bailey
  7230 | Bailey   | Noticed an orc warlord
  7369 | Bailey   | Found a runed gate.
  7382 | Bailey   | Found a runed gate.
  7385 | Bailey   | Found a runed gate.
  7590 | Bailey   | Mangled by an orc warlord

Skill      XL: |  1  2  3  4  5  6  7  8  9 10 |
---------------+-------------------------------+-----
Fighting       | 4 5 6 7 |  7.2
Long Blades    | 3 4 5 |  5.6
Dodging        | 1 2 3 5 6 |  6.0
Shields        | 4 5 6 7 8 |  8.0
Armour         | 4 5 6 |  6.6
Maces & Flails | 1 4 7 8 |  8.7
Invocations    | 1 |  1.3
Stealth        | 1 |  1.0
Evocations     | |  0.2

Action                   |  1- 3 |  4- 6 |  7- 9 | 10-12 || total
-------------------------+-------+-------+-------+-------++-------
Melee: Long sword        |   104 |   157 |    61 |       ||   322
       Flail             |       |       |   282 |       ||   282
       Morningstar       |       |       |    24 |   168 ||   192
Invok: Convert to Beogh  |     1 |       |       |       ||     1
       Smiting           |       |       |     3 |       ||     3
       Recall Orcish Fol |       |       |       |     1 ||     1
Evoke: Wand              |       |     1 |     4 |       ||     5
  Use: Potion            |       |     1 |     3 |     3 ||     7
       Scroll            |       |       |     9 |     3 ||    12
 Stab: Distracted        |       |       |       |     1 ||     1
  Eat: Bread ration      |     1 |       |     2 |     1 ||     4
       Meat ration       |       |     1 |       |       ||     1
       Fruit             |       |       |     2 |       ||     2
       Royal jelly       |       |       |       |     1 ||     1
Armor: Scale mail        |    38 |    57 |   143 |       ||   238
       Chain mail        |       |       |     2 |    19 ||    21
       Plate armour      |       |       |       |    75 ||    75
Dodge: Dodged            |    52 |    88 |   178 |    92 ||   410
Block: Shield            |    64 |    84 |   216 |   130 ||   494
       Rpst.: Long sword |    20 |    27 |     8 |       ||    55
